Map: Goldenaura LE

Players

dans

  • Race: Terran Terran
  • League: Platinum
  • Spawn Location: 12:00

Noob - Winner!

  • Race: Zerg Zerg
  • League: Master
  • Spawn Location: 5:00

VOD

Have the link to the VOD?

Description

only queens vs terran, just tryed to play for fun 22 mins, platinum league

Time

  • Played on: Aug. 30, 2024, 4:59 p.m.
  • Length: 21:22
Show
View Real Time Build Order
Export as new Build Order

dans Terran 

Build Orders: 2 Factory 

Get SALT Encoding   

  12  0:00  SCV  
  13  0:13  SCV  
  14  0:17  Supply Depot  
  14  0:25  SCV  
  15  0:39  SCV  
  15  0:40  Barracks  
  16  0:45  Refinery  
  16  0:51  SCV  
  17  1:03  SCV  
  18  1:11  Refinery  
  18  1:15  SCV  
  19  1:27  Orbital Command  
  19  1:31  Supply Depot  
  19  1:45  Factory  
  19  1:57  SCV  
  19  1:59  Barracks Reactor  
  20  2:11  Command Center  
  20  2:14  SCV  
  21  2:26  SCV  
  22  2:30  Factory  
  22  2:38  Barracks, SCV  
  23  2:49  Barracks Tech Lab  
  23  2:50  SCV  
  23  2:51  Hellion  
  26  2:54  Hellion  
  28  3:03  SCV  
  28  3:04  Supply Depot  
  29  3:08  Concussive Shells  
  29  3:15  SCV  
  29  3:17  Factory Tech Lab  
  30  3:24  Marauder  
  32  3:27  SCV  
  32  3:31  Hellion  
  32  3:32  Barracks Tech Lab, Hellion  
  37  3:40  Infernal Pre-Igniter  
  37  3:47  Orbital Command  
  37  3:49  SCV  
  37  3:55  Marauder  
  40  3:58  Hellion  
  40  4:01  SCV  
  43  4:04  Marauder  
  45  4:11  Hellion  
  45  4:12  Hellion  
  49  4:19  Supply Depot  
  49  4:22  SCV, Supply Depot  
  50  4:24  SCV  
  51  4:35  Marauder  
  51  4:38  SCV  
  54  4:40  SCV  
  54  4:41  Marauder, Hellion  
  59  4:45  Siege Tank  
  59  4:50  SCV  
  64  4:52  SCV  
  64  4:53  Supply Depot  
  64  4:56  Supply Depot  
  58  5:14  SCV  
  58  5:15  SCV  
  58  5:16  Marauder x2  
  58  5:17  Hellion x2  
  68  5:23  Siege Tank  
  68  5:26  SCV  
  68  5:27  SCV  
  73  5:38  Command Center  
  73  5:39  SCV  
  74  5:44  Starport  
  74  5:46  Barracks  
  74  5:48  SCV  
  75  5:51  Refinery, SCV  
  75  5:52  Refinery  
  67  6:15  Marine x2  
  67  6:17  Siege Tank, Hellion x2  
  67  6:18  SCV x2  
  66  6:30  SCV x2  
  66  6:31  Starport Reactor  
  68  6:33  Marauder  
  68  6:37  Supply Depot  
  70  6:42  SCV x2  
  70  6:43  Barracks Tech Lab  
  70  6:44  Combat Shield  
  72  6:51  Stimpack  
  72  6:53  Orbital Command  
  73  6:54  SCV x2  
  74  7:06  Marine x3  
  74  7:08  Hellion x2  
  81  7:10  Medivac  
  79  7:16  Supply Depot  
  79  7:17  Refinery  
  79  7:18  Supply Depot  
  79  7:19  Supply Depot  
  79  7:20  Refinery  
  77  7:24  Marauder, Marine  
  77  7:26  Marine  
  77  7:28  Siege Tank  
  74  7:41  Marine, Hellion x2  
  79  7:44  Marauder  
  79  7:46  Engineering Bay  
  79  7:47  SCV x2  
  79  7:48  Armory  
  83  7:59  SCV x2  
  83  8:00  SCV  
  83  8:03  Marine x2  
  88  8:09  Medivac x2  
  88  8:11  Siege Tank  
  95  8:12  Barracks  
  95  8:13  Barracks  
  95  8:14  Barracks, Hellion x2  
  95  8:15  SCV x2  
  95  8:16  SCV, Terran Infantry Weapons Level 1  
  102  8:27  SCV  
  102  8:28  SCV  
  102  8:31  Starport  
  104  8:37  SCV  
  104  8:39  Terran Vehicle Weapons Level 1  
  104  8:40  SCV, Marine x3  
  109  8:42  Hellion x2  
  109  8:43  Medivac x2  
  109  8:46  Siege Tank  
  120  8:57  Supply Depot  
  120  8:58  Marine x2  
  120  8:59  Supply Depot  
  125  9:04  Barracks Reactor  
  125  9:06  Command Center  
  125  9:08  Barracks Reactor  
  122  9:10  Barracks Reactor  
  122  9:11  Hellion x2  
  122  9:15  SCV x2  
  128  9:19  Supply Depot  
  128  9:21  Supply Depot  
  128  9:25  Medivac x2  
  128  9:26  Engineering Bay, Starport Tech Lab  
  128  9:29  Armory  
  132  9:31  SCV  
  133  9:50  SCV x3  
  136  9:55  Sensor Tower  
  136  10:02  SCV x3, Marine  
  136  10:03  Marine x6  
  136  10:04  Marine x2  
  136  10:06  Medivac  
  150  10:13  Command Center  
  150  10:15  Missile Turret  
  150  10:20  Marine  
  147  10:26  Marine x2  
  147  10:27  Marine x6  
  157  10:28  Hellion  
  157  10:29  Siege Tank, Hellion  
  157  10:30  Medivac x2  
  164  10:38  Refinery, Marine  
  161  10:46  Marine x5  
  161  10:47  Marine x3  
  154  10:56  Marine  
  151  11:04  Refinery, Marine  
  152  11:07  Marine  
  152  11:08  Marine x6  
  159  11:11  Siege Tank, Hellion  
  159  11:12  Medivac x3, Hellion  
  159  11:14  Marine  
  170  11:21  Marine  
  164  11:25  Marine x2  
  164  11:26  Marine x5  
  164  11:32  Marine  
  166  11:33  Terran Infantry Weapons Level 2  
  166  11:34  Terran Vehicle Weapons Level 2, Terran Infantry Armor Level 1  
  166  11:35  Terran Vehicle And Ship Armor Level 1  
  166  11:39  Marine  
  167  11:43  Marine  
  167  11:54  SCV x3  
  167  11:56  Orbital Command  
  167  12:01  Raven  
  171  12:02  Medivac x2, Marine x2  
  171  12:03  Marine x5  
  171  12:04  Marauder, Hellion  
  171  12:05  Siege Tank, Hellion  
  171  12:06  SCV x3  
  186  12:18  SCV  
  181  12:42  Marine x5  
  181  12:43  Marine x4  
  192  12:44  Hellion x2  
  192  12:48  Siege Tank  
  186  13:00  Marine x5  
  186  13:02  Medivac x2  
  186  13:03  Raven  
  165  13:26  SCV x4  
  168  13:29  Terran Ship Weapons Level 1  
  168  13:38  SCV x2  
  168  13:40  Terran Infantry Armor Level 2  
  141  13:56  Missile Turret  
  141  13:58  Barracks  
  141  14:02  Refinery  
  137  14:03  Barracks, Marine  
  137  14:04  Barracks, Marine x6  
  137  14:05  Marine x2  
  137  14:06  Siege Tank, Hellion x2  
  137  14:07  Medivac x2  
  137  14:08  Raven  
  137  14:09  Barracks  
  159  14:13  Refinery  
  148  14:33  Marine  
  148  14:34  Marine x6  
  148  14:35  Marauder  
  148  14:36  SCV x2, Hellion x2  
  159  14:42  Factory  
  159  14:43  SCV x2  
  161  14:46  Factory  
  161  14:47  Factory  
  161  14:48  SCV  
  161  14:49  SCV  
  161  14:50  Factory  
  161  14:51  Barracks Reactor  
  163  14:53  Barracks Tech Lab  
  163  14:55  Barracks Tech Lab  
  163  15:08  Marine x2  
  165  15:23  Marine x3  
  165  15:28  Marine x5  
  159  15:29  Marine x6  
  159  15:31  Siege Tank, Factory Tech Lab, Hellion x2  
  159  15:33  Liberator x3  
  185  15:40  Marine  
  185  15:41  Marine x2  
  184  15:47  Marine x4  
  184  15:48  Marine x6  
  184  15:49  Marine  
  184  15:50  Siege Tank  
  181  15:58  Marine x3  
  181  16:03  Siege Tank  
  184  16:17  Marine  
  184  16:18  Marine x7  
  188  16:19  Marine x3  
  188  16:24  Hellion  
  188  16:25  Marine  
  195  16:26  Marine  
  194  16:42  Siege Tank  
  194  16:46  Hellion  
  194  16:49  Hellion  
  194  16:50  Liberator  
  194  16:51  Hellion  
  194  16:52  Liberator  
  194  16:53  Liberator  
  194  16:55  Marine x6  
  194  16:56  Marine x3  
  194  16:57  Marine x2  
  185  17:02  Factory Tech Lab  
  185  17:03  Factory Reactor  
  185  17:04  Factory Tech Lab  
  163  17:27  Marine x7  
  163  17:28  Marine x5  
  163  17:29  Marauder  
  177  17:30  Hellion x3  
  177  17:31  Hellion x3  
  177  17:33  Liberator  
  177  17:35  Liberator  
  177  17:36  Planetary Fortress  
  191  17:43  Refinery  
  188  17:46  Missile Turret  
  188  17:50  Refinery  
  188  17:51  Hellion  
  188  17:52  Hellion x2  
  172  18:05  Marine x2  
  172  18:06  Marine x6  
  172  18:07  Marine x2  
  172  18:08  Siege Tank x3  
  188  18:16  Raven  
  190  18:21  Command Center  
  141  18:50  Marine x4  
  141  18:51  Marine x6  
  141  18:52  Marine x4  
  141  18:53  Hellion  
  141  18:54  Hellion x6  
  141  18:55  Hellion  
  168  19:08  SCV x4, Marine x5  
  168  19:09  Marine x2  
  177  19:15  Siege Tank x3  
  158  19:39  Marine x7  
  158  19:40  Marine x5  
  158  19:41  Siege Tank  
  158  19:42  Banshee  
  171  19:47  Siege Tank x2  
  168  19:58  Marine x6  
  168  19:59  Marine x6  
  169  20:03  SCV  
  169  20:04  SCV  
  143  20:22  Marine x5  
  143  20:25  Banshee  
  144  20:32  SCV  
  145  20:38  Marine x2  
  145  20:39  Marine x7  
  145  20:40  Marine x2  
  145  20:41  Hellion x2  
Show
View Real Time Build Order
Export as new Build Order

Noob Zerg - Winner!

Build Orders: Hatch First 

Get SALT Encoding   

  12  0:01  Drone  
  13  0:12  Overlord  
  13  0:19  Drone  
  14  0:26  Drone, Extractor x2  
  13  0:30  Drone  
  13  0:35  Drone  
  17  0:56  Hatchery  
  16  1:02  Drone x2  
  18  1:06  Extractor  
  17  1:18  Spawning Pool  
  16  1:22  Drone  
  17  1:28  Evolution Chamber  
  17  1:29  Drone  
  17  1:34  Drone  
  18  1:40  Drone  
  19  2:07  Hatchery  
  18  2:08  Zerg Missile Weapons Level 1  
  18  2:17  Queen  
  18  2:22  Drone  
  21  2:31  Drone x2  
  23  2:40  Drone x3  
  23  2:42  Drone  
  27  2:45  Drone  
  28  2:52  Evolution Chamber  
  28  2:56  Overlord  
  27  3:01  Overlord  
  27  3:10  Lair  
  27  3:13  Drone  
  27  3:19  Queen  
  30  3:20  Drone  
  31  3:29  Queen  
  31  3:31  Drone  
  34  3:39  Drone x3  
  37  3:44  Zerg Ground Armor Level 1  
  37  3:46  Drone  
  38  3:51  Drone x2  
  38  3:55  Drone x2  
  42  3:59  Queen  
  44  4:12  Queen x2  
  48  4:25  Overlord, Drone x2  
  48  4:26  Overlord x2  
  48  4:27  Overlord  
  50  4:44  Hatchery  
  49  4:46  Queen  
  49  4:48  Queen  
  49  4:52  Queen  
  55  4:56  Zerg Missile Weapons Level 2  
  53  5:21  Queen  
  53  5:24  Queen  
  53  5:26  Hatchery  
  53  5:27  Queen  
  58  5:35  Overlord x2  
  58  5:36  Drone  
  59  5:57  Queen  
  59  5:59  Queen  
  61  6:06  Queen  
  61  6:07  Queen  
  61  6:33  Queen, Hatchery  
  61  6:37  Drone x10  
  61  6:38  Overlord x4  
  61  6:39  Queen x2  
  76  6:44  Overseer  
  76  6:55  Zerg Ground Armor Level 2  
  76  7:00  Infestation Pit  
  75  7:02  Drone  
  75  7:03  Extractor, Drone x2  
  75  7:06  Drone x2  
  75  7:07  Queen x2, Drone  
  76  7:38  Queen  
  76  7:41  Drone x10  
  90  7:56  Overseer  
  90  8:03  Hive, Queen x3  
  90  8:04  Queen  
  96  8:13  Queen  
  96  8:19  Drone x2  
  100  8:20  Drone  
  101  8:39  Queen x4  
  109  8:49  Queen  
  109  8:54  Drone x10  
  109  8:55  Overlord x8  
  121  9:14  Queen  
  121  9:15  Queen x3  
  129  9:18  Queen  
  131  9:25  Queen  
  133  9:33  Drone x2  
  133  9:34  Drone  
  133  9:35  Drone x3  
  139  9:43  Hatchery  
  139  9:45  Zerg Missile Weapons Level 3, Zerg Ground Armor Level 3  
  138  9:47  Hatchery  
  138  9:50  Queen x3  
  138  9:51  Queen  
  145  9:53  Queen  
  147  10:00  Queen  
  149  10:27  Queen x3  
  149  10:28  Queen  
  157  10:29  Queen  
  157  10:36  Queen  
  149  10:59  Queen  
  149  11:00  Queen  
  149  11:03  Queen x3  
  138  11:29  Queen x3  
  134  11:35  Queen x2  
  134  11:39  Queen  
  136  12:15  Queen x5  
  138  12:16  Queen  
  138  12:20  Spine Crawler  
  147  12:24  Spine Crawler  
  147  12:25  Spore Crawler x2  
  147  12:26  Spine Crawler  
  147  12:27  Spine Crawler  
  118  13:14  Queen x6  
  118  13:15  Queen  
  124  13:50  Queen x7  
  130  14:19  Hatchery  
  130  14:20  Hatchery  
  130  14:24  Hatchery  
  125  14:25  Queen  
  125  14:26  Queen x6  
  125  14:27  Hatchery  
  134  14:36  Drone x8  
  134  14:37  Drone x5  
  147  15:01  Queen x6  
  147  15:02  Queen  
  161  15:17  Zergling x2  
  161  15:18  Zergling x40  
  170  15:37  Queen x7  
  170  15:54  Queen x2  
  170  15:55  Queen x2  
  162  16:10  Drone  
  162  16:11  Drone x7  
  170  16:12  Queen  
  170  16:13  Queen x6  
  170  16:27  Zerg Melee Weapons Level 1  
  170  16:28  Adrenal Glands  
  170  16:30  Queen x3  
  153  16:48  Queen x5  
  153  16:49  Queen  
  153  16:52  Zergling x2  
  153  16:53  Zergling x32  
  153  16:54  Zergling x26  
  186  17:06  Queen x2  
  171  17:21  Hatchery  
  163  17:24  Queen x6  
  168  17:33  Drone x15  
  183  17:42  Queen x2  
  178  17:57  Zergling x2  
  178  17:58  Zergling x42  
  177  18:39  Queen x8  
  173  18:47  Drone x11  
  176  19:13  Zergling x2  
  176  19:14  Queen x2, Zergling x32  
  176  19:15  Queen x3  
  197  19:23  Hatchery  
  192  19:24  Hatchery  
  178  19:50  Queen x5  
  178  19:51  Queen x4  
  178  20:09  Zergling x2  
  178  20:10  Zergling x36  
  195  20:20  Zergling x10  
  195  20:21  Zergling x4  
Tags
 
Add a new tag
Caveats
  • Supply blocks, unpowered buildings, or Contaminate may cause inaccurate times.
  • Supply counts are checked every 10 seconds.